[Event "Team 45 45 League T24"]
[Site "Free Internet Chess Server"]
[Date "2004.09.30"]
[Round "4"]
[White "zcomcon"]
[Black "MStav"]
[Result "0-1"]
[WhiteElo "1716"]
[BlackElo "1665"]
[TimeControl "2700+45"]

1. e4 d6 2. d4 Nf6 3. Nc3 e5 4. Nf3 Nbd7 5. Bc4 Be7 6. O-O O-O 7. Qe2 c6 8. a4 exd4 9. Nxd4 Ne5 10. Bb3 c5 11. Ndb5 a6 12. Na3 Bg4 13. f3 Be6 14. Bxe6 fxe6 15. Be3 Nc6 16. Rfd1 Qc7 17. Nc4 Rad8 18. Nd2 Nd4 19. Bxd4 cxd4 20. Na2 Qxc2 21. b3 Qc5 22. Rdc1 Qa7 23. Qd3 Rc8 24. Nb4 Rc3 25. Qe2 d5 26. Na2 d3+ 27. Qf2 Bc5   {White resigns} 0-1

[Event "Team 45 45 League T24"]
[Site "Free Internet Chess Server"]
[Date "PDT.10.0"]
[Round "4"]
[White "BIRDSMAN"]
[Black "DesparateDan"]
[Result "1/2-1/2"]
[WhiteElo "1631"]
[BlackElo "1683"]
[TimeControl "2700+45"]

1. e4 e5 2. Nf3 Nc6 3. Bb5 a6 4. Bxc6 dxc6 5. O-O Bg4 6. h3 h5 7. d3 Qf6 8. Nbd2 Ne7 9. Re1 Ng6 10. hxg4 hxg4 11. Nh2 Qh4 12. Ndf1 g3 13. fxg3 Bc5+ 14. Be3 Qe7 15. Qf3 O-O-O 16. Bxc5 Qxc5+ 17. Qf2 Qxf2+ 18. Kxf2 Rh7 19. Nf3 f6 20. Ne3 Rhh8 21. Nf5 Rhg8 22. Rh1 Rd7 23. Rh7 c5 24. Rah1 c4 25. d4 exd4 26. N3xd4 c5 27. Nf3 b5 28. Re1 b4 29. Re2 a5 30. Rd2 a4 31. Rxd7 Kxd7 32. b3 cxb3 33. cxb3 axb3 34. axb3 c4 35. N5d4 c3 36. Rh1 Ra8 37. Re1 Ra2+ 38. Re2 Ra3 39. Ke3 Ne5 40. Rc2 Nc6 41. Nxc6 Kxc6 42. Nd4+ Kc5 43. Kd3 Ra1 44. Ne2 Rd1+ 45. Ke3 Rb1 46. Nc1 Rb2 47. Kd3 Rb1 48. Ke3 Rb2 49. Kd3 Rb1 50. Ke3 Rb2   {Game drawn by repetition} 1/2-1/2

[Event "Team 45 45 League T24"]
[Site "Free Internet Chess Server"]
[Date "PDT.10.0"]
[Round "4"]
[White "grabapawn"]
[Black "MattBinMi"]
[Result "0-1"]
[WhiteElo "1493"]
[BlackElo "1577"]
[TimeControl "2700+45"]

1. e4 d5 2. Nc3 d4 3. Na4 e5 4. Nf3 Bg4 5. Be2 Bxf3 6. Bxf3 b5 7. Nc3 dxc3 8. bxc3 Nf6 9. O-O Be7 10. d3 Nbd7 11. c4 b4 12. a3 c5 13. Bd2 a5 14. c3 Rb8 15. cxb4 axb4 16. a4 O-O 17. Qb3 Ra8 18. Ra2 Nb8 19. Rfa1 Nc6 20. h3 Nd4 21. Qb2 Nd7 22. Bd1 Nb8 23. Be3 Nbc6 24. Bg4 Bg5 25. Bxg5 Qxg5 26. a5 Rfb8 27. a6 Qe7 28. Ra4 g6 29. Bd1 b3 30. R1a3 Qc7 31. Bxb3 Nxb3 32. Rxb3 Rxb3 33. Qxb3 Nd4 34. Qb7 Qb8 35. Qd5 Ne2+ 36. Kh2 Nc3 37. Qc6 Nxa4 38. Qxa4 Qa7 39. Qc6 Qxa6 40. Qxc5 Qf6 41. Qb5 Qf4+ 42. g3 Qxf2+ 43. Kh1 Ra1+   {White resigns} 0-1

[Event "Team 45 45 League T24"]
[Site "Free Internet Chess Server"]
[Date "PDT.10.0"]
[Round "4"]
[White "Vinoblanca"]
[Black "JayH"]
[Result "1-0"]
[WhiteElo "1525"]
[BlackElo "1402"]
[TimeControl "2700+45"]

1. d4 d5 2. c4 c6 3. Nc3 Nf6 4. Nf3 h6 5. Bf4 Nh5 6. Bd2 Bf5 7. h3 Bh7 8. Qa4 e6 9. g3 Bd6 10. Bg2 Nd7 11. O-O Nb6 12. Qb3 Qc7 13. c5 Bxg3 14. cxb6 axb6 15. fxg3 Nxg3 16. Rf2 Be4 17. Nxe4 Nxe4 18. Rff1 g5 19. Ne5 Nxd2 20. Qd1 Nxf1 21. Qxf1 O-O-O 22. Qxf7 Rdf8 23. Qxc7+ Kxc7 24. Ng6 Rf4 25. Nxh8 Rxd4 26. Ng6 Rd2 27. Bf3 Rxb2 28. Kf2 Kd6 29. Kg3 e5 30. Kf2 b5 31. Bg4 b4 32. Nf8 b3 33. axb3 Rxb3 34. Ra7 d4 35. Ne6 Rb2 36. Ra3 c5 37. Ng7 c4 38. Nf5+ Kc5 39. Ra1 c3 40. Ng3 d3 41. Ne4+ Kd4 42. Ra4+ Kd5 43. Nxc3+ Kc5 44. Re4 b5 45. Ke3 d2 46. Rxe5+ Kd6 47. Rd5+ Kc6 48. Rxd2 Rb3 49. Bf3+ Kc5 50. Rd3 Kb4 51. Nd5+ Ka3 52. Rxb3+ Kxb3 53. Ne7 Kc3 54. Nf5 b4 55. Nxh6 b3 56. Nf7   {Black resigns} 1-0

[Event "Team 45 45 League T24"]
[Site "Free Internet Chess Server"]
[Date "PDT.10.0"]
[Round "4"]
[White "threeNT"]
[Black "RussoTuristo"]
[Result "1-0"]
[WhiteElo "1600"]
[BlackElo "1833"]
[TimeControl "2700+45"]

1. e4 d6 2. d4 g6 3. Nc3 Bg7 4. f4 e6 5. Nf3 Ne7 6. Be3 c6 7. Qd2 Nd7 8. O-O-O b5 9. e5 d5 10. Kb1 a5 11. h4 Nf5 12. Bf2 a4 13. g4 Nh6 14. Rg1 Nb6 15. h5 Bf8 16. Bh4 Be7 17. Bxe7 Qxe7 18. hxg6 fxg6 19. Ng5 Nf7 20. Nxf7 Qxf7 21. Bd3 Bd7 22. Rg2 Nc4 23. Bxc4 bxc4 24. Rh1 Qe7 25. Rgh2 Ra7 26. Rh3 Bc8 27. Qh2 Qb4 28. a3 Qb6 29. Qf2 Qc7 30. Rh6 Qf7 31. Ne2 Rb7 32. c3 Qe7 33. Ka2 Qf7 34. Ng1 Qg7 35. Nf3 Qf8 36. Ng5 Rc7 37. Nxh7 Qxh6 38. Rxh6 Rcxh7 39. Rxh7 Rxh7 40. Qc2 Rg7 41. Qxa4 Bd7 42. Qa8+ Ke7 43. a4 Rf7 44. Qg8 Rxf4 45. Qg7+ Rf7 46. Qxg6 c5 47. a5 cxd4 48. cxd4 Ba4 49. Qg5+ Ke8 50. Qh6 Bb3+ 51. Ka3 Ke7 52. g5 Rf3 53. Qg7+ Ke8 54. Qh8+ Ke7 55. Kb4 Bc2 56. g6 Rb3+ 57. Kc5 Bxg6 58. Qg7+ Bf7 59. a6 Rxb2 60. Qf6+ Ke8 61. Kc6 c3 62. a7 Ra2 63. Kd6 Ra6+ 64. Kc5 Rxa7 65. Qh8+ Kd7 66. Kb6 Rc7 67. Qg7 Rc6+ 68. Kb5 c2 69. Qxf7+ Kd8 70. Kxc6 c1=Q+ 71. Kd6 Qa3+ 72. Kxe6 Qa6+ 73. Kf5 Qd3+ 74. Kf6 Qxd4 75. Qe7+ Kc8 76. Kf7 Qe4 77. Qc5+ Kd7 78. Qd6+ Kc8 79. Qc6+ Kd8 80. Qd6+ Kc8 81. Qc6+ Kd8 82. Qf6+ Kc8 83. e6 Qh7+ 84. Qg7 Qh5+ 85. Qg6 Qf3+ 86. Qf6 Qh5+ 87. Kf8 Qg4 88. e7 Qb4 89. Kf7 Qb7 90. Qh8+ Kd7 91. e8=Q+ Kd6+ 92. Kg6 Qb1+ 93. Kh6 Qc1+ 94. Kh7 Qh1+ 95. Kg8 Qg2+ 96. Qg7 Qa2 97. Qd8+ Kc5 98. Qg1+ d4+ 99. Kf8 Qb2 100. Qc7+ Kd5 101. Qg5+ Ke4 102. Qce5+ Kd3 103. Qgf5+ Kc4 104. Qc5+ Kb3 105. Qb5+ Kc3 106. Qxb2+ Kxb2 107. Qd3   {Black resigns} 1-0

[Event "Team 45 45 League T24"]
[Site "Free Internet Chess Server"]
[Date "PDT.10.0"]
[Round "4"]
[White "cmate"]
[Black "FusterCluck"]
[Result "1-0"]
[WhiteElo "1485"]
[BlackElo "1622"]
[TimeControl "2700+45"]

1. e4 c6 2. Nf3 d5 3. e5 c5 4. h3 Nc6 5. Bb5 a6 6. Bxc6+ bxc6 7. c3 d4 8. d3 Bf5 9. O-O dxc3 10. Nxc3 Qxd3 11. Qa4 Bd7 12. Rd1 Qg6 13. Ng5 h6 14. Nge4 Bxh3 15. g3 Bf5 16. Nxc5 Qg4 17. Qxc6+ Bd7 18. Qxa8+ Bc8 19. Qc6+ Bd7   {Black resigns} 1-0

[Event "Team 45 45 League T24"]
[Site "Free Internet Chess Server"]
[Date "2004.09.30"]
[Round "4"]
[White "xplan"]
[Black "senorquinn"]
[Result "1-0"]
[WhiteElo "1490"]
[BlackElo "1521"]
[TimeControl "2700+45"]

1. e4 c5 2. Nf3 Nc6 3. Nc3 d6 4. Bb5 a6 5. Ba4 b5 6. Nxb5 axb5 7. Bxb5 Qb6 8. Qe2 Ba6 9. c4 e6 10. O-O Bxb5 11. cxb5 Nd4 12. Nxd4 cxd4 13. a4 Nf6 14. d3 Be7 15. Bd2 O-O 16. Rfc1 Rfc8 17. Qd1 d5 18. e5 Nd7 19. f4 Rc7 20. Qe1 Nc5 21. Qd1 Nxd3 22. Rxc7 Qxc7 23. a5 Bb4 24. b6 Qc6 25. g3 Qb5 26. Bxb4 Nxb4 27. Qc1 Qc4 28. b7 Rb8 29. a6 Qxc1+ 30. Rxc1 Nxa6 31. Rc8+   {Black resigns} 1-0

[Event "Team 45 45 League T24"]
[Site "Free Internet Chess Server"]
[Date "PDT.10.0"]
[Round "4"]
[White "gflan"]
[Black "chesstalker"]
[Result "1-0"]
[WhiteElo "1577"]
[BlackElo "1363"]
[TimeControl "2700+45"]

1. e4 e5 2. Nf3 Nc6 3. Bc4 Bc5 4. c3 Nf6 5. d4 Bb6 6. Ng5 O-O 7. h4 d6 8. Be3 Ng4 9. Bc1 exd4 10. f3 Nge5 11. Bd5 Be6 12. Bxe6 Qf6 13. Bd5 h6 14. f4 d3 15. Bd2 Rae8 16. Na3 a6 17. Qh5 Nd8 18. O-O-O Bc5 19. fxe5 dxe5 20. b4 Bd6 21. Rdf1 Qe7 22. Qg6 hxg5 23. hxg5 Qxg5 24. Qh7#   {Black checkmated} 1-0

[Event "Team 45 45 League T24"]
[Site "Free Internet Chess Server"]
[Date "PDT.10.0"]
[Round "4"]
[White "Gazzer"]
[Black "JoeytheBudgie"]
[Result "0-1"]
[WhiteElo "1669"]
[BlackElo "1708"]
[TimeControl "2700+45"]

1. e4 e5 2. Nf3 Nc6 3. Bb5 a6 4. Ba4 Nf6 5. O-O Be7 6. Re1 b5 7. Bb3 d6 8. c3 O-O 9. h3 Nd7 10. d4 Na5 11. Bc2 Bf6 12. d5 c5 13. dxc6 Nb6 14. Nbd2 Nxc6 15. Nf1 Be6 16. Ne3 d5 17. Bb3 dxe4 18. Nd2 Qe7 19. Nxe4 Rfd8 20. Nxf6+ Qxf6 21. Qe2 Bxb3 22. axb3 Qe6 23. Qc2 f6 24. Bd2 Rac8 25. Qd1 a5 26. f4 Rd3 27. fxe5 Nxe5 28. Rxa5 Rcd8 29. Nf1 Qd5 30. Qe2 Qxb3 31. Bf4 Nbc4 32. Bxe5 Nxe5 33. Ra8 Rxa8 34. Qe4 Rad8 35. Qb7 Qxb2 36. Qe7 Qxc3 37. Re3 Qd4 38. Qe6+ Kf8 39. Kh1 Rxe3   {White resigns} 0-1

[Event "Team 45 45 League T24"]
[Site "Free Internet Chess Server"]
[Date "PDT.10.0"]
[Round "4"]
[White "Pieris"]
[Black "sacKING"]
[Result "1-0"]
[WhiteElo "1682"]
[BlackElo "1786"]
[TimeControl "2700+45"]

1. e4 e6 2. d4 d5 3. e5 c5 4. c3 Nc6 5. Nf3 Qb6 6. Be2 cxd4 7. cxd4 Nge7 8. Nc3 Nf5 9. Na4 Qa5+ 10. Bd2 Bb4 11. Bc3 Bd7 12. a3 Bxc3+ 13. Nxc3 Qb6 14. Na4 Qa5+ 15. b4 Qd8 16. Rc1 Nfxd4 17. Nxd4 Nxd4 18. Qxd4 Bxa4 19. O-O O-O 20. Qc5 Qb6 21. Qxb6 axb6 22. Rc3 d4 23. Rc7 Bc6 24. b5 Bd5 25. Ra1 Rfc8 26. Rxc8+ Rxc8 27. Rd1 Bb3 28. Rxd4 Rc1+ 29. Bf1 Kf8 30. h3 Re1 31. f4 Bd1 32. Kf2 Rxf1+ 33. Kxf1 Bb3 34. Rd6 Bc4+ 35. Kf2 Bxb5 36. Rxb6 Bc6 37. g4 g6 38. g5 Kg7 39. Ke3 h6 40. h4 hxg5 41. fxg5 Kf8 42. Kd4 Ke8 43. Rb2 Bd5 44. Kc5 Ke7 45. Kb6 Kd7 46. Rf2 Ke7 47. Kc7 Bc6 48. Ra2 Bd5 49. Ra1 Bc6 50. a4 Bd5 51. a5 Ke8 52. Rb1 f6 53. gxf6 Kf7 54. Rxb7 Bxb7 55. Kxb7   {Black resigns} 1-0

[Event "Team 45 45 League T24"]
[Site "Free Internet Chess Server"]
[Date "PDT.10.0"]
[Round "4"]
[White "geolas"]
[Black "Galleta"]
[Result "1-0"]
[WhiteElo "1785"]
[BlackElo "1691"]
[TimeControl "2700+45"]

1. e4 d6 2. d4 Nf6 3. Nc3 g6 4. f4 Bg7 5. Nf3 O-O 6. Bd3 c5 7. dxc5 dxc5 8. e5 Nd5 9. Nxd5 Qxd5 10. Qe2 Nc6 11. Be4 Qd7 12. c3 Qc7 13. Be3 b6 14. O-O a5 15. Rad1 Ba6 16. c4 Rad8 17. g4 e6 18. Ng5 Nd4 19. Bxd4 Rxd4 20. Rxd4 cxd4 21. Bd3 a4 22. Re1 Rc8 23. f5 h6 24. Nf3 Bb7 25. f6 Bxf3 26. Qxf3 Bf8 27. h4 Qc6 28. Qe2 Bb4 29. Rf1 Kf8 30. Qf2 Ke8 31. Qf4 Bf8 32. Qf2 Rc7 33. Qe2 Ra7 34. Rc1 Ra5 35. Kh2 Qc7 36. c5 Rxc5 37. Rxc5 Bxc5 38. Bb5+ Kd8 39. Qe4 Qb8 40. Kg2 Qc7 41. Qa8+ Qc8 42. Qe4 Qc7 43. Bxa4 Qb8 44. Bb5 Qc7 45. a3 d3 46. Qxd3+ Kc8 47. Qe4 Kb8 48. b4 Bf8 49. Be2 Qc3 50. Bf3 Qd2+ 51. Kg3   {Black resigns} 1-0

[Event "Team 45 45 League T24"]
[Site "Free Internet Chess Server"]
[Date "PDT.10.0"]
[Round "4"]
[White "sostoned"]
[Black "Nervy"]
[Result "1/2-1/2"]
[WhiteElo "1679"]
[BlackElo "1631"]
[TimeControl "2700+45"]

1. Nf3 c5 2. g3 d5 3. d4 cxd4 4. Nxd4 Nf6 5. Bg2 Nc6 6. O-O e5 7. Nb3 Bf5 8. a3 Be4 9. f3 Qb6+ 10. Kh1 Bg6 11. e3 Rd8 12. Qe1 Bxc2 13. N3d2 Bd3 14. Rf2 Bc5 15. Nf1 Bxb1 16. b4 Bxb4 17. axb4 Bd3 18. Rb2 O-O 19. Bd2 a5 20. b5 Bxb5 21. Rab1 Na7 22. Bxa5 Qa6 23. Bxd8 Rxd8 24. Qc3 d4 25. Qc7 Re8 26. Qc5 Bd3 27. Rb6 Nd7 28. Rxa6 Nxc5 29. Rxb7 Nc8 30. Raa7 Nxa7 31. Rxa7 Bxf1 32. Bxf1 d3 33. Rc7 d2 34. Be2 Ne6 35. Rd7 Rd8 36. Rxd8+ Nxd8 37. Kg2 Nc6 38. Kf2 Na5 39. Bd1 e4 40. fxe4 Nc4 41. Ke2 Nb2 42. Kxd2 Nxd1 43. Kxd1 h6 44. Ke2 Kf8 45. Kf3 Ke7 46. Kf4 Kf6 47. e5+ Ke6 48. h4 h5 49. Ke4 g6 50. Kf4 Kd5 51. e4+ Ke6 52. g4 hxg4 53. Kxg4 Kxe5 54. Kf3 f6 55. Ke3 f5   {Game drawn by mutual agreement} 1/2-1/2

[Event "Team 45 45 League T24"]
[Site "Free Internet Chess Server"]
[Date "PDT.10.0"]
[Round "4"]
[White "sonareclipse"]
[Black "inkaotibus"]
[Result "0-1"]
[WhiteElo "2030"]
[BlackElo "2140"]
[TimeControl "2700+45"]

1. d4 d5 2. Nf3 Nf6 3. c4 c6 4. Nc3 e6 5. e3 a6 6. c5 Nbd7 7. Bd3 b6 8. cxb6 Qxb6 9. O-O c5 10. Qe2 c4 11. Bc2 Bd6 12. e4 dxe4 13. Nxe4 Nxe4 14. Bxe4 Bb7 15. Bxb7 Qxb7 16. Qxc4 O-O 17. b3 Rfc8 18. Qd3 Qd5 19. Rd1 a5 20. Be3 a4 21. Nd2 Bb4 22. Nc4 axb3 23. axb3 Rxa1 24. Rxa1 Nc5 25. Qb1 Nd7 26. Qd1 Rd8 27. Bd2 Bxd2 28. Qxd2 Nb8 29. Qf4 Nc6 30. Ne5 Qxd4 31. Qxd4 Nxd4 32. b4 Nc2 33. Nc6 Rc8 34. Ne7+ Kf8 35. Nxc8 Nxa1 36. Na7 Ke8 37. b5 Nb3 38. Kf1 Kd7 39. b6 Nc5 40. Ke2 Kd6 41. Ke3 Nd7 42. b7 Kc7 43. Nb5+ Kc6 44. Nc3 Kxb7 45. g3 Ne5 46. h3 Kc6 47. f4 Nc4+ 48. Kd3 Nd6 49. g4 Kc5 50. Ne2 Kd5 51. Ng3 g6 52. Nf1 e5 53. fxe5 Kxe5 54. Ke3 f5 55. gxf5 gxf5 56. Kf3 Ne4 57. Ne3 Ng5+ 58. Kg2 Ke4 59. Nc4 Kf4 60. Nb6 h5 61. Nd5+ Ke5 62. Ne7 f4 63. h4 Ne4 64. Kf3 Nd2+ 65. Ke2 Nb3 66. Kd3 Nc5+ 67. Ke2 Ke4 68. Ng8 Nd7 69. Kf2 f3 70. Nh6 Kf4 71. Nf7 Nf6 72. Nh8 Ne4+ 73. Ke1 f2+ 74. Ke2 Kg3 75. Ng6 Nc3+ 76. Kf1 Nd1   {White resigns} 0-1

[Event "Team 45 45 League T24"]
[Site "Free Internet Chess Server"]
[Date "PDT.10.0"]
[Round "4"]
[White "thomchad"]
[Black "reasoanblep"]
[Result "1/2-1/2"]
[WhiteElo "1954"]
[BlackElo "2036"]
[TimeControl "2700+45"]

1. d4 Nf6 2. Nf3 g6 3. Nc3 d5 4. Bf4 c6 5. e3 Bg7 6. Bd3 O-O 7. Bxb8 Rxb8 8. Qd2 Qc7 9. h3 b6 10. g4 Rd8 11. O-O-O c5 12. g5 Nh5 13. Ne5 cxd4 14. exd4 Bxe5 15. Nb5 Bf4 16. Nxc7 Bxd2+ 17. Kxd2 Nf4 18. Bf1 Bf5 19. Nb5 Rbc8 20. c3 a6 21. Na3 b5   {Game drawn by mutual agreement} 1/2-1/2

[Event "Team 45 45 League T24"]
[Site "Free Internet Chess Server"]
[Date "PDT.10.0"]
[Round "4"]
[White "xivarmy"]
[Black "JDFitzpat"]
[Result "1-0"]
[WhiteElo "1939"]
[BlackElo "1955"]
[TimeControl "2700+45"]

1. e4 Nf6 2. e5 Nd5 3. d4 d6 4. c4 Nb6 5. exd6 cxd6 6. Nc3 g6 7. h3 Bg7 8. Nf3 Nc6 9. Be2 O-O 10. O-O Bf5 11. Re1 Rc8 12. Bf1 Re8 13. Bg5 h6 14. Bh4 a6 15. Rc1 Kh7 16. b3 Na8 17. d5 Ne5 18. Nd4 f6 19. f4 Nf7 20. Nxf5 gxf5 21. Qh5 Kg8 22. Bd3 Nh8 23. Bxf5 Rb8 24. Ne2 Qa5 25. Nd4 Nc7 26. Re3 Qd2 27. Rg3 Qxc1+ 28. Kh2 Qxf4 29. Ne2   {Black resigns} 1-0

[Event "Team 45 45 League T24"]
[Site "Free Internet Chess Server"]
[Date "PDT.10.0"]
[Round "4"]
[White "Relu"]
[Black "MidKnightBlue"]
[Result "1-0"]
[WhiteElo "1859"]
[BlackElo "1694"]
[TimeControl "2700+45"]

1. d4 Nf6 2. c4 g6 3. Nc3 d5 4. Nf3 Bg7 5. Bg5 dxc4 6. e3 Nd5 7. Bxc4 Nxc3 8. bxc3 c5 9. O-O Nc6 10. Rb1 O-O 11. Qe2 cxd4 12. cxd4 h6 13. Bf4 b6 14. Rfc1 Na5 15. Bd3 Bb7 16. Bc7 Qd7 17. Bb5 Nc6 18. Be5 Rac8 19. Bxg7 Kxg7 20. Ne5 Qe6 21. Nf3 Qf6 22. h3 Na5 23. Bd7 Bxf3 24. Qxf3 Qxf3 25. gxf3 Rb8 26. Rc7 Rb7 27. Rbc1 Rfb8 28. Bc8 Rxc7 29. Rxc7 Ra8 30. Ba6 Kf8 31. Bd3 f5 32. Bb5 Kf7 33. Bd7 Kf6 34. Kf1 h5 35. Ke2 a6 36. Bc6 Rb8 37. Ba4 b5 38. Bc2 Kf7 39. Kd3 Rb6 40. e4 Rc6 41. Rxc6 Nxc6 42. Bb3+ e6 43. d5 Ne5+ 44. Ke3 exd5 45. Bxd5+ Kf6 46. f4 Nc4+ 47. Bxc4 bxc4 48. e5+ Ke6 49. Kd4 c3 50. Kxc3 Kd5 51. Kd3 g5 52. fxg5 Kxe5 53. h4 f4 54. f3 Kd5 55. Kc3 a5 56. Kb3 Kd4 57. g6 Ke3 58. g7 Kxf3 59. g8=Q Kf2 60. Ka4 f3 61. Qg5 Kf1 62. Qxh5 f2 63. Qf3 Kg1 64. h5 f1=N 65. Qxf1+ Kh2 66. h6   {Black resigns} 1-0

[Event "Team 45 45 League T24"]
[Site "Free Internet Chess Server"]
[Date "PDT.10.0"]
[Round "4"]
[White "Tokyo"]
[Black "plume"]
[Result "1-0"]
[WhiteElo "2173"]
[BlackElo "2150"]
[TimeControl "2700+45"]

1. c4 c5 2. Nc3 Nc6 3. e4 g6 4. g3 Bg7 5. Bg2 Nf6 6. Nge2 O-O 7. O-O a6 8. f4 d6 9. h3 Rb8 10. d3 Bd7 11. Be3 b5 12. Qd2 Ne8 13. Rae1 Nc7 14. b3 Ne6 15. f5 Ned4 16. g4 Nxe2+ 17. Nxe2 Ne5 18. Ng3 a5 19. Bh6 Bxh6 20. Qxh6 Nxd3 21. g5 Kh8 22. f6 Rg8 23. Re3 bxc4 24. e5 Nxe5 25. Ne4 Be6 26. fxe7 Qxe7 27. Nf6 Rg7 28. Rf4 Nd7 29. Bc6 cxb3 30. axb3 Rxb3 31. Rxb3 Bxb3 32. Re4 Qxe4 33. Bxe4 Nxf6 34. gxf6 Rg8 35. h4 a4 36. h5 a3 37. hxg6 fxg6 38. Qe3 a2 39. Qc3 Bf7 40. Bd5 Rf8 41. Bxa2 c4 42. Qb4 Rc8 43. Qxd6 Kg8 44. Qa6 Rf8 45. Bxc4 h6 46. Kg2 g5 47. Qb7   {Black resigns} 1-0

[Event "Team 45 45 League T24"]
[Site "Free Internet Chess Server"]
[Date "2004.10.10"]
[Round "4"]
[White "STDSkillz"]
[Black "Baggins"]
[Result "0-1"]
[WhiteElo "1969"]
[BlackElo "2087"]
[TimeControl "2700+45"]

1. d4 Nf6 2. c4 g6 3. Nc3 Bg7 4. e4 d6 5. f4 O-O 6. Nf3 c5 7. d5 e6 8. Be2 exd5 9. cxd5 Re8 10. Nd2 a6 11. Bf3 b5 12. O-O Bb7 13. a4 b4 14. Ne2 a5 15. Qc2 Nbd7 16. Nc4 Nb6 17. e5 dxe5 18. fxe5 Nfxd5 19. Nd6 Qc7 20. Nxe8 Rxe8   {White resigns} 0-1

[Event "Team 45 45 League T24"]
[Site "Free Internet Chess Server"]
[Date "PDT.10.0"]
[Round "4"]
[White "MarkovUC"]
[Black "Rinoa"]
[Result "1/2-1/2"]
[WhiteElo "1801"]
[BlackElo "1901"]
[TimeControl "2700+45"]

1. e4 c5 2. Nf3 Nc6 3. d4 cxd4 4. Nxd4 Nf6 5. Nc3 e5 6. Ndb5 d6 7. Bg5 a6 8. Na3 b5 9. Bxf6 gxf6 10. Nd5 Bg7 11. c3 Be6 12. Nc2 f5 13. exf5 Bxf5 14. Nce3 Be6 15. g3 O-O 16. Bg2 Rc8 17. O-O f5 18. Qh5 Ne7 19. Rad1 Rc5 20. Rd2 e4 21. Rfd1 Nxd5 22. Nxd5 Qd7 23. Nf4 d5 24. b4 Rxc3 25. Nxd5 Bxd5 26. Rxd5 Qf7 27. Qxf7+ Rxf7 28. Bh3 Rf3 29. Rd6 Ra3 30. R1d5 Rxa2 31. Bxf5 Bf8 32. Be6 Bxd6 33. Rxd6 Rxf2 34. Bxf7+ Rxf7 35. Rxa6 e3 36. Re6 Rf3 37. Re4 Kf7 38. g4 Kf6 39. Kg2 Rf2+ 40. Kg3 Rb2 41. h4 e2 42. Kf2 h6 43. Ke1 Kg7   {Game drawn by mutual agreement} 1/2-1/2

[Event "Team 45 45 League T24"]
[Site "Free Internet Chess Server"]
[Date "2004.09.30"]
[Round "4"]
[White "Clodagh"]
[Black "Taadow"]
[Result "1-0"]
[WhiteElo "1851"]
[BlackElo "1714"]
[TimeControl "2700+45"]

1. e4 c5 2. Nf3 Nc6 3. d4 cxd4 4. Nxd4 e5 5. Nb5 d6 6. c4 Be6 7. b3 a6 8. N5c3 Nf6 9. Bd3 Nb4 10. a3 Nxd3+ 11. Qxd3 Rc8 12. Be3 b5 13. Nd2 bxc4 14. Nxc4 Bxc4 15. bxc4 Qc7 16. c5 Qc6 17. O-O dxc5 18. Nd5 c4 19. Qc3 Nxd5 20. exd5 Qxd5 21. Rfd1 Qe6 22. Rab1 g6 23. Rb6 Qf5 24. Qa5 Be7 25. Qa4+ Kf8 26. Bh6+ Kg8 27. Qxa6 Bf8 28. Bxf8 Kxf8 29. Rf6 Qg4 30. f3 Qg5 31. Qxc8+ Kg7 32. Rxf7+ Kxf7 33. Rd7+ Qe7 34. Rxe7+ Kxe7 35. Qxh8 Kd6 36. Qxh7 c3 37. Qxg6+ Kc5 38. h4 Kc4 39. Qe4+ Kb3 40. Qxe5 c2 41. Qc5 Kb2 42. Qxc2+ Kxc2 43. h5   {Black resigns} 1-0

[Event "Team 45 45 League T24"]
[Site "Free Internet Chess Server"]
[Date "PDT.10.0"]
[Round "4"]
[White "Chessface"]
[Black "tjraczko"]
[Result "1-0"]
[WhiteElo "1670"]
[BlackElo "1590"]
[TimeControl "2700+45"]

1. c4 e5 2. Nc3 Nf6 3. g3 d5 4. cxd5 Nxd5 5. Bg2 Be6 6. Nf3 f6 7. d3 Nc6 8. O-O Bc5 9. Qb3 Qd7 10. Nxe5 Nxc3 11. Qxb7 Nxe2+ 12. Kh1 Rb8 13. Nxd7 Rxb7 14. Nxc5 Rb6 15. Nxe6 Kd7 16. Nxg7 Ncd4 17. Be3 Rxb2 18. Bxd4 Nxd4 19. a4 Rhb8 20. Nh5 Ke7 21. Rae1+ Kf7 22. Bd5+ Kg6 23. Nf4+ Kg7 24. Re7+ Kf8 25. Rxh7 Rd2 26. Rh8+   {Black resigns} 1-0

[Event "Team 45 45 League T24"]
[Site "Free Internet Chess Server"]
[Date "PDT.10.0"]
[Round "4"]
[White "mrmahoon"]
[Black "Woodchuck"]
[Result "1-0"]
[WhiteElo "1578"]
[BlackElo "1622"]
[TimeControl "2700+45"]

1. e4 c5 2. Nf3 d6 3. d4 cxd4 4. Nxd4 Nf6 5. Nc3 a6 6. Be2 e6 7. Bg5 Be7 8. O-O Qc7 9. Re1 Nbd7 10. Bd3 Nc5 11. Nf3 b5 12. a3 Bb7 13. e5 Bxf3 14. Qxf3 dxe5 15. Qxa8+ Bd8 16. Bxf6 gxf6 17. Rad1 Qb6 18. Ne4 Ke7 19. Nxc5 Qxc5 20. Qf3 f5 21. Qh5 e4 22. Bxe4 fxe4 23. Qxc5+   {Black resigns} 1-0

[Event "Team 45 45 League T24"]
[Site "Free Internet Chess Server"]
[Date "PDT.10.0"]
[Round "4"]
[White "phorku"]
[Black "wook"]
[Result "0-1"]
[WhiteElo "1543"]
[BlackElo "1545"]
[TimeControl "2700+45"]

1. e4 c5 2. d4 cxd4 3. f4 Nc6 4. Nf3 d5 5. Bd3 Bg4 6. O-O e5 7. exd5 Qxd5 8. Qe1 Bxf3 9. Rxf3 Nf6 10. fxe5 Qxe5 11. Qf1 Bd6 12. Bf4 Qe7 13. Nd2 O-O 14. Bg5 Ne5 15. Bxf6 Nxf3+ 16. Qxf3 Qxf6 17. Qe4 g6 18. Rf1 Qe5 19. Qh4 Qe3+ 20. Qf2 Qxf2+ 21. Rxf2 Rfe8 22. g3 Be7 23. Ne4 f5 24. Nd2 Bg5 25. Nf3 Be3 26. Kg2 Bxf2 27. Kxf2 Rad8 28. Nd2 Re3 29. Nc4 Re7 30. Nd2 Rde8 31. Nb3 Rd8 32. Nd2 Kg7 33. Kf3 Re1 34. b3 Rh1 35. Kg2 Rd1 36. Nf3 Kf6 37. a4 g5 38. h3 h6 39. Kf2 Rh1 40. Kg2 Rd1 41. Kf2 g4 42. hxg4 fxg4 43. Nh4 Rd2+ 44. Ke1 Rh2 45. Kf1 Re8 46. Ng2 Rh1+ 47. Kf2 Rf8 48. Nf4 Rh2+ 49. Kg1 Rd2 50. Nd5+ Kg5 51. Nc7 Rff2 52. Ne6+ Kf6 53. Nc5 Rg2+ 54. Kf1 Rdf2+ 55. Ke1 Rf3 56. Ne4+ Ke5 57. Nc5 Rg1+ 58. Ke2 Rfxg3 59. Kf2 R3g2#   {White checkmated} 0-1

[Event "Team 45 45 League T24"]
[Site "Free Internet Chess Server"]
[Date "2004.09.29"]
[Round "4"]
[White "couv"]
[Black "Chessty"]
[Result "1/2-1/2"]
[WhiteElo "1477"]
[BlackElo "1594"]
[TimeControl "2700+45"]

1. d4 d5 2. Nf3 e6 3. c3 Nf6 4. Bg5 Be7 5. Nbd2 O-O 6. e3 Nbd7 7. Bd3 c5 8. O-O c4 9. Bc2 b5 10. a3 a5 11. h3 Qc7 12. Bf4 Bd6 13. Bxd6 Qxd6 14. g4 e5 15. dxe5 Nxe5 16. Nxe5 Qxe5 17. Nf3 Qe7 18. Nd4 Bd7 19. Qf3 Rfe8 20. Rfe1 Qe5 21. Rad1 Qg5 22. Qg3 h5 23. f4 Qh6 24. g5 h4 25. Qg2 Qh5 26. gxf6 g6 27. Qg5 Qxg5+ 28. fxg5 Re5 29. Nf3 Ree8 30. Rxd5 Bxh3 31. Rxb5 Bd7 32. Rc5 Be6 33. Nxh4 Rab8 34. Rb1 Red8 35. Nf3 Bg4 36. Nd4 Rd6 37. Rxa5 Rbd8 38. Rc5 Be6 39. e4 Kh7 40. Kf2 Rh8 41. Rh1+ Kg8 42. Rxh8+ Kxh8 43. Ke3 Kh7 44. Nxe6 Rxe6 45. Kf4 Rd6 46. Ke3 Rb6 47. Rxc4 Rxb2 48. Kd3 Rb8 49. Rc7 Rd8+ 50. Ke3 Rc8 51. Rxc8   {Game drawn by stalemate} 1/2-1/2

[Event "Team 45 45 League T24"]
[Site "Free Internet Chess Server"]
[Date "2004.09.29"]
[Round "4"]
[White "twinders"]
[Black "ButiOxa"]
[Result "0-1"]
[WhiteElo "1641"]
[BlackElo "1784"]
[TimeControl "2700+45"]

1. d4 Nf6 2. Bf4 d5 3. Nf3 e6 4. c3 c5 5. e3 cxd4 6. exd4 Be7 7. Bd3 Nc6 8. Nbd2 a6 9. Qc2 b5 10. Ne5 Bb7 11. b4 Na7 12. Nb3 Nc8 13. Na5 Qb6 14. a4 Nd6 15. Nxb7 Qxb7 16. axb5 axb5 17. O-O O-O 18. Bg5 h6 19. Bh4 Nfe4 20. Bxe7 Qxe7 21. f3 Nf6 22. Ra5 Rxa5 23. bxa5 Qc7 24. a6 Qa5 25. Qb2 Qxa6 26. Ra1 Qb7 27. Qb4 Qb6 28. Kf1 Rb8 29. Rb1 Qc7 30. Qa3 Nc4 31. Bxc4 bxc4 32. Rxb8+ Qxb8 33. Qe7 Qe8 34. Qb4 Nh5 35. g3 Nf6 36. Ke2 Nh7 37. Qb7 h5 38. f4 Nf6 39. Qb4 Ne4 40. Ke3 f6 41. Nf3 Qf8 42. Qb6 Qe7 43. Qa5 Kh7 44. Nd2 Nd6 45. Qb4 Nf5+ 46. Ke2 Qxb4 47. cxb4 Nd6 48. Nb1 Nb5 49. Ke3 Kg6 50. h3 Kf5 51. Nd2 e5 52. fxe5 fxe5 53. dxe5 Kxe5 54. Ke2 Nd4+ 55. Kd1 Kd6 56. Nb1 Kc6 57. Nc3 Nb5 58. Kc2 Nxc3 59. Kxc3 Kb5 60. g4 hxg4 61. hxg4 g5 62. Kd4 Kxb4 63. Kxd5 c3 64. Ke5 c2   {White resigns} 0-1